 Dungeon Crawl Stone Soup version 0.29-a0-22-gbf593b16ee (webtiles) character file.

Game seed: 16321174802105802921

72179 lmSkywalker the Covert (level 15, -11/115 HPs)
             Began as a Demonspawn Fire Elementalist on Jan 21, 2022.
             Was a High Priest of Dithmenos.
             Mangled by a tentacle (16 damage)
             ... attached to a kraken
             ... on level 1 of the Shoals on Jan 30, 2022.
             The game lasted 02:03:30 (27467 turns).

lmSkywalker the Covert (DsFE)                      Turns: 27467, Time: 02:03:31

Health: -11/115    AC: 15    Str: 13    XL:     15   Next: 0%
Magic:  17/24      EV: 15    Int: 18    God:    Dithmenos [*****.]
Gold:   1444       SH:  0    Dex: 17    Spells: 10/26 levels left

rFire   . . .      SeeInvis .   p - +11 dagger of the Middle {protect, rC+ Int+2}
rCold   + . .      Faith    .   (no shield)
rNeg    + . .      Spirit   .   C - +0 troll leather armour
rPois   .          Reflect  .   (helmet restricted)
rElec   .          Harm     .   y - +0 cloak
rCorr   .          Rampage  .   (gloves unavailable)
Will    +....                   X - +1 pair of boots
Stlth   ++++......              L - amulet of regeneration
HPRegen 1.89/turn               D - ring of wizardry
MPRegen 0.19/turn               l - ring of positive energy

@: under a protective aura, wreathed by umbra, very slow
A: horns 2, spiny 2, demonic magic 3, weakness stinger 2, demonic touch 3
a: Renounce Religion, Shadow Step, Shadow Form


You were on level 1 of the Shoals.
You worshipped Dithmenos.
Dithmenos was extremely pleased with you.
You visited 5 branches of the dungeon, and saw 23 of its levels.

You collected 2186 gold pieces.
You spent 742 gold pieces at shops.

Inventory:

Hand Weapons
 p - the +11 dagger of the Middle (weapon) {protect, rC+ Int+2}
   (You found it on level 4 of the Dungeon)

   It grants its wielder temporary protection when it strikes (+7 to AC).
   Int:       It affects your intelligence (+2).
   rC:        It protects you from cold.
 v - a +3 short sword of speed
Missiles
 x - 29 poisoned darts (quivered)
 W - a throwing net
Armour
 n - a +1 leather armour of fire resistance
 y - a +0 cloak (worn)
 C - a +0 troll leather armour (worn)
 X - a +1 pair of boots (worn)
Jewellery
 l - a ring of positive energy (right hand)
 D - a ring of wizardry (left hand)
 G - a ring of ice
 L - an amulet of regeneration (around neck)
 O - an amulet of guardian spirit
 S - an amulet of reflection
 Y - a ring of fire
Wands
 e - a wand of digging (18)
 k - a wand of flame (34)
 A - a wand of paralysis (10)
 E - a wand of polymorph (6)
 N - a wand of acid (12)
 Q - a wand of iceblast (5)
 V - a wand of mindburst (17)
Scrolls
 a - 2 scrolls of immolation
 b - a scroll of enchant weapon
 c - a scroll of enchant armour {unknown}
 f - 6 scrolls of amnesia
 g - a scroll of acquirement {unknown}
 h - 2 scrolls of magic mapping
 j - 4 scrolls of blinking
 r - 9 scrolls of teleportation
 t - 2 scrolls of summoning
 z - 5 scrolls of vulnerability
 F - 3 scrolls of fog
 K - a scroll of noise {unknown}
 P - 2 scrolls of fear
 U - a scroll of brand weapon
Potions
 d - 3 potions of attraction
 i - 2 potions of resistance
 m - a potion of invisibility
 o - 3 potions of might
 s - 11 potions of curing
 u - 2 potions of berserk rage
 w - 4 potions of heal wounds
 B - 4 potions of lignification
 H - 2 potions of brilliance
 I - 3 potions of flight
 J - 4 potions of haste
 M - 2 potions of mutation
 R - 2 potions of cancellation
Miscellaneous
 T - a lightning rod (4/4)


   Skills:
 - Level 10.0 Fighting
 - Level 10.0 Short Blades
 - Level 1.4 Slings
 - Level 5.6 Armour
 + Level 7.0 Dodging
 - Level 11.9 Stealth
 - Level 3.2 Shields
 - Level 5.0 Unarmed Combat
 + Level 6.4 Spellcasting
 - Level 3.2 Conjurations
 + Level 10.8 Necromancy
 - Level 1.3 Transmutations
 - Level 4.0 Fire Magic
 - Level 1.3 Earth Magic
 - Level 7.1 Invocations
 - Level 7.3 Evocations


You had 10 spell levels left.
You knew the following spells:

 Your Spells              Type           Power      Damage    Failure   Level
a - Foxfire               Conj/Fire      72%        2x1d7     1%          1
b - Scorch                Fire           40%        2d7       1%          2
c - Vampiric Draining     Necr           44%        2d9       1%          3
d - Passwall              Tmut/Erth      8%         N/A       4%          2
e - Sublimation of Blood  Necr           44%        N/A       1%          2
f - Death Channel         Necr           22%        N/A       11%         6

Your spell library contained the following spells:

 Spells                   Type           Power      Damage    Failure   Level
 Magic Dart               Conj           68%        1d6       1%          1
 Searing Ray              Conj           34%        2d5       2%          2
 Sandblast                Erth           20%        2d7       3%          1
 Conjure Flame            Conj/Fire      18%        6-21      4%          3
 Apportation              Tloc           10%        N/A       6%          1
 Slow                     Hex            20%        N/A       6%          1
 Stone Arrow              Conj/Erth      28%        3d8       7%          3
 Inner Flame              Hex/Fire       13%        N/A       8%          3
 Call Imp                 Summ           5%         N/A       9%          2
 Ignite Poison            Fire/Tmut/Pois 12%        N/A       9%          3
 Mephitic Cloud           Conj/Pois/Air  9%         N/A       11%         3
 Flame Wave               Conj/Fire      18%        2d6       13%         4
 Sticky Flame             Conj/Fire      18%        2d4       13%         4
 Confusing Touch          Hex            5%         N/A       16%         3
 Fulminant Prism          Conj/Hex       5%         3d7       28%         4
 Simulacrum               Ice/Necr       12%        N/A       65%         6
 Alistair's Intoxication  Tmut/Pois      5%         N/A       71%         5
 Summon Forest            Summ/Tloc      2%         N/A       80%         5
 Summon Mana Viper        Hex/Summ       5%         N/A       80%         5
 Summon Cactus Giant      Summ           2%         N/A       100%        6


Dungeon Overview and Level Annotations

Branches:
Dungeon (15/15)            Temple (1/1) D:5            Lair (4/6) D:9
 Shoals (1/4) Lair:3       Spider (0/4) Lair:3          Orc (2/2) D:10
    Elf (0/3) Orc:2        Vaults (0/5) D:14         Depths (0/4) D:15

Altars:
Ashenzari
Cheibriados
Dithmenos
Elyvilon
Fedhas
Gozag
Hepliaklqana
Kikubaaqudgha
Makhleb
Nemelex Xobeh
Okawaru
Qazlal
Ru
Sif Muna
Trog
Uskayaw
Vehumet
Wu Jian
Xom
Yredelemnul
Zin
The Shining One
Beogh

Shops:
D:4 :   D:11 :   D:12 *   D:14 !   Orc:2 **[*?*

Annotations:
D:13 2 transporters
Lair:3 3 runed translucent doors, Archem's ghost, journeyman OgTm


Innate Abilities, Weirdness & Mutations

You have a pair of horns on your head.
You are mostly covered in sharp spines.
Spells you cast and wands you use may paralyse nearby enemies.
You have a tail ending in a sharp stinger.
Your touch may irresistibly damage your foes and sap their willpower.


Message History

The kraken closely misses you.
You hit the kraken but do no damage.
You headbutt the kraken, but do no damage.
The kraken is heavily wounded.
Your unstable footing causes you to fumble your attack.
Tentacles burst out of the water! 4 tentacles come into view.
You hit the kraken. You punch the kraken, but do no damage.
The kraken is heavily wounded.
The kraken is struck by your spines. The kraken misses you.
Your unstable footing causes you to fumble your attack.
The tentacle closely misses you. The tentacle slaps you!!
The tentacle slaps you.
Casting: Scorch (safe; 1% risk of failure)
Confirm with . or Enter, or press ? or * to list all spells.
Flames lash the kraken but do no damage.
Malevolent energies surge around you.
The tentacle slaps you but does no damage.
The tentacle is struck by your spines. The tentacle barely misses you.
The tentacle slaps you but does no damage.
The kraken bites you! The tentacle misses you. The tentacle closely misses you.
The tentacle slaps you! The kraken bites you!!
Casting: Scorch (safe; 1% risk of failure)
Confirm with . or Enter, or press ? or * to list all spells.
Flames lash the tentacle.
The tentacle is heavily wounded.
The tentacle's fire resistance burns away.
Malevolent energies surge around you. The tentacle closely misses you.
The tentacle is engulfed in a cloud of scalding steam.
The tentacle slaps you! The tentacle closely misses you.
The tentacle slaps you!!
* * * LOW HITPOINT WARNING * * *
The kraken bites you!
* * * LOW HITPOINT WARNING * * *
The tentacle slaps you but does no damage.
The tentacle is engulfed in a cloud of scalding steam.
The tentacle misses you.
The tentacle slaps you but does no damage.
The tentacle slaps you!
You die...

≈≈≈≈≈≈≈≈≈≈≈≈≈≈≈
≈≈≈≈≈≈≈≈≈≈≈≈≈≈≈≈≈≈≈≈
≈≈≈≈≈≈≈≈≈≈≈≈≈≈≈≈≈≈≈≈
.≈≈E≈≈≈<.≈≈≈≈≈≈≈≈≈≈≈
P...PP≈≈≈P≈≈≈≈≈≈≈≈≈≈
...P.P≈P≈≈≈≈≈≈≈≈≈≈≈≈
####PPPP≈≈≈≈≈≈≈≈≈≈≈≈
#..P≈≈≈≈wXw≈≈≈≈≈≈
..P≈≈≈≈≈≈@w≈≈≈≈≈≈
.P.P≈≈≈≈≈w≈≈≈≈≈≈≈≈
.≈≈≈≈≈.≈≈≈≈≈≈≈≈≈≈≈≈
≈≈≈≈≈≈≈≈≈≈≈≈≈≈≈
≈≈≈≈≈≈≈≈≈≈≈≈≈≈≈
≈≈≈≈≈≈≈≈≈≈≈≈≈≈≈
≈≈≈≈≈≈≈≈≈≈≈≈≈≈≈
≈≈≈≈≈≈≈≈≈≈≈≈≈≈≈


You could see a kraken and 4 tentacles.

Vanquished Creatures
  An orc warlord (Orc:2)
  A rakshasa (D:15)
  Erolcha (D:12)
  A vault guard (D:14)
  9 hydras
  4 boulder beetles
  An ogre mage (D:15)
  A centaur warrior (D:15)
  8 two-headed ogres
  A tengu warrior (D:10)
  3 orc high priests (Orc:2)
  Urug (D:12)
  A shadow wraith (D:14)
  A deep troll (D:14)
  A wizard (D:15)
  3 deep elf pyromancers
  A wolf spider (D:14)
  3 cyclopes
  10 ugly things
  A necromancer (D:15)
  The ghost of badtown22 the Gouger, a novice FeFi of Sif Muna (D:11)
  5 orc knights
  4 orc sorcerers
  2 manticores
  A merfolk siren (Lair:3)
  An elephant (Lair:1)
  5 black mambas
  A naga mage (D:15)
  2 unseen horrors
  3 gargoyles
  9 cane toads
  2 torpor snails
  4 rime drakes
  5 komodo dragons
  2 merfolk (Lair:3)
  5 trolls
  A harpy skeleton (D:15)
  4 polar bears (Lair:2)
  8 blink frogs
  3 dream sheep (Lair:4)
  7 slime creatures
  3 culicivoras (Lair:3)
  A shadow (D:12)
  2 jumping spiders (Lair:3)
  A culicivora (shapeshifter) (D:14)
  4 vampires
  Eustachio (D:6)
  4 basilisks
  4 wyverns
  47 yaks
  A steam dragon (D:7)
  17 vampire mosquitoes
  4 wargs
  An acid dragon (D:13)
  12 water moccasins
  A sky beast (D:7)
  2 ice beasts
  7 black bears
  30 orc warriors
  5 wolves (D:9)
  6 ogres
  8 centaurs
  A kobold brigand (D:10)
  8 bullfrogs
  A gnoll sergeant (D:9)
  A water moccasin zombie (D:6)
  A wyvern zombie (D:6)
  3 howler monkeys
  9 killer bees
  4 electric eels (D:9)
  18 wights
  A bullfrog zombie (D:6)
  4 centaur zombies
  3 jellies
  23 orc priests
  2 hounds (D:9)
  2 bullfrog skeletons (D:6)
  2 centaur skeletons
  A gnoll shaman (D:6)
  Natasha (thrice) (D:2)
  24 orc wizards
  Robin (D:4)
  A howler monkey zombie (D:6)
  13 gnolls
  A howler monkey skeleton (D:7)
  7 adders
  A white imp (D:6)
  5 dart slugs
  87 orcs
  9 ball pythons
  2 endoplasms
  4 giant cockroaches
  6 hobgoblins
  4 jackals (D:1)
  3 quokkas (D:4)
  8 bats
  7 frilled lizards
  18 goblins
  8 kobolds
  3 rats
588 creatures vanquished.

Vanquished Creatures (collateral kills)
  A foxfire (Lair:1)
1 creature vanquished.

Vanquished Creatures (others)
  2 orc wizards (Orc:2)
  989 foxfires
  13 fungi
  27 plants
1031 creatures vanquished.

Grand Total: 1620 creatures vanquished

Notes
Turn   | Place    | Note
-------+----------+-------------------------------------------
     0 | D:1      | lmSkywalker the Demonspawn Fire Elementalist began the
                  | quest for the Orb.
     0 | D:1      | Reached XP level 1. HP: 13/13 MP: 3/3
   421 | D:1      | Discovered your monstrous ancestry.
   421 | D:1      | Gained mutation: You have a small tail. [demonic ancestry]
   421 | D:1      | Reached XP level 2. HP: 19/19 MP: 1/5
   793 | D:2      | Reached XP level 3. HP: 24/24 MP: 2/6
  1130 | D:2      | Noticed Natasha
  1143 | D:2      | Killed Natasha
  1144 | D:2      | Reached skill level 1 in Slings
  1144 | D:2      | Gained mutation: Spells you cast may paralyse adjacent
                  | enemies. [demonic ancestry]
  1144 | D:2      | Reached XP level 4. HP: 23/30 MP: 0/8
  1358 | D:2      | Noticed Natasha
  1367 | D:2      | Killed Natasha
  1602 | D:2      | Noticed Natasha
  1610 | D:2      | Killed Natasha
  2154 | D:3      | Gained mutation: Your touch may inflict minor irresistible
                  | damage on your foes. [demonic ancestry]
  2154 | D:3      | Reached XP level 5. HP: 35/35 MP: 6/9
  2491 | D:3      | Noticed a black bear
  2503 | D:3      | Killed a black bear
  2576 | D:3      | Upgraded the game from 0.28-a0-1613-gdaab1c2f9b to
                  | 0.28-a0-1638-g9123634e07
  2685 | D:3      | Gained mutation: You have a tail ending in a sharp stinger.
                  | [demonic ancestry]
  2685 | D:3      | Reached XP level 6. HP: 41/41 MP: 6/11
  2933 | D:3      | Reached skill level 2 in Stealth
  3041 | D:3      | Reached skill level 3 in Stealth
  3508 | D:4      | Noticed Robin
  3533 | D:4      | Killed Robin
  3766 | D:4      | Found Paibb's Book Shop.
  3895 | D:4      | Identified the +11 dagger of the Middle {protect, rC+
                  | Int+2}
  3958 | D:5      | Entered Level 5 of the Dungeon
  3990 | D:5      | Noticed an ice beast
  4002 | D:5      | Killed an ice beast
  4003 | D:5      | Reached skill level 1 in Short Blades
  4054 | D:5      | Learned a level 2 spell: Scorch
  4066 | D:5      | Noticed a water moccasin
  4071 | D:5      | Killed a water moccasin
  4072 | D:5      | Reached skill level 4 in Stealth
  4072 | D:5      | Gained mutation: You are partially covered in sharp spines.
                  | [demonic ancestry]
  4072 | D:5      | Reached XP level 7. HP: 44/46 MP: 3/12
  4771 | D:5      | Reached skill level 5 in Stealth
  4859 | D:5      | Found a staircase to the Ecumenical Temple.
  4868 | Temple   | Entered the Ecumenical Temple
  4936 | Temple   | Became a worshipper of Dithmenos the Shadowed
  5282 | D:6      | Noticed Eustachio
  5288 | D:6      | Killed Eustachio
  5362 | D:6      | Gained mutation: You are mostly covered in sharp spines.
                  | [demonic ancestry]
  5362 | D:6      | Reached XP level 8. HP: 52/52 MP: 13/13
  5371 | D:6      | Reached skill level 6 in Stealth
  5718 | D:6      | Reached skill level 5 in Short Blades
  6057 | D:6      | Reached skill level 7 in Stealth
  6575 | D:7      | Reached * piety under Dithmenos
  6845 | D:7      | Gained mutation: Spells you cast may paralyse nearby
                  | enemies. [demonic ancestry]
  6845 | D:7      | Reached XP level 9. HP: 57/57 MP: 9/14
  8086 | D:9      | Reached skill level 10 in Short Blades
  8092 | D:9      | Reached skill level 1 in Fighting
  8352 | D:9      | Noticed a troll
  8353 | D:9      | Reached skill level 1 in Armour
  8353 | D:9      | Gained mutation: Spells you cast and wands you use may
                  | paralyse nearby enemies. [demonic ancestry]
  8353 | D:9      | Reached XP level 10. HP: 48/65 MP: 10/15
  8567 | D:9      | Reached ** piety under Dithmenos
  8642 | D:9      | Noticed a boulder beetle
  8653 | D:9      | Killed a boulder beetle
  8776 | D:9      | Found a staircase to the Lair.
  9463 | D:10     | Entered Level 10 of the Dungeon
  9554 | D:10     | Found a stormy altar of Qazlal.
  9767 | D:10     | Found a staircase to the Orcish Mines.
  9874 | D:10     | Noticed a tengu warrior
  9881 | D:10     | Reached skill level 1 in Invocations
  9884 | D:10     | Killed a tengu warrior
  9987 | D:10     | Reached *** piety under Dithmenos
 10307 | D:10     | Gained mutation: Your touch may inflict irresistible damage
                  | on your foes. [demonic ancestry]
 10307 | D:10     | Reached XP level 11. HP: 67/78 MP: 8/16
 10339 | D:10     | Reached skill level 5 in Dodging
 10507 | D:10     | Reached skill level 5 in Fighting
 10982 | D:11     | Reached **** piety under Dithmenos
 11457 | D:11     | Reached skill level 5 in Armour
 11502 | D:11     | Found Coipey's Book Shoppe.
 11806 | D:11     | Reached skill level 8 in Stealth
 11807 | D:11     | Upgraded the game from 0.28-a0-1638-g9123634e07 to
                  | 0.29-a0-22-gbf593b16ee
 12163 | D:11     | Noticed a two-headed ogre
 12171 | D:11     | Killed a two-headed ogre
 12278 | D:11     | Reached skill level 5 in Invocations
 12319 | D:11     | Found a runed translucent door.
 12319 | D:11     | Noticed badtown22's ghost (novice FeFi)
 12567 | D:12     | Noticed Urug
 12570 | D:12     | Killed Urug
 12830 | D:12     | Noticed a boulder beetle
 12919 | D:12     | Killed a boulder beetle
 12920 | D:12     | Reached skill level 1 in Evocations
 12929 | D:12     | Noticed a six-headed hydra
 13278 | D:12     | Found Zixis's Blood Bar.
 13317 | D:12     | Noticed Erolcha
 13323 | D:12     | Paralysed by something for 5 turns
 13331 | D:12     | Killed Erolcha
 13462 | D:12     | Gained mutation: Your touch may irresistibly damage your
                  | foes and sap their willpower. [demonic ancestry]
 13462 | D:12     | Reached XP level 12. HP: 89/89 MP: 10/17
 14018 | D:13     | Reached skill level 9 in Stealth
 14025 | D:13     | Learned a level 2 spell: Passwall
 14651 | D:13     | Found a transporter.
 14679 | D:13     | Found an ancient bone altar of Kikubaaqudgha.
 14696 | D:13     | Noticed an orc high priest
 14702 | D:13     | Found a transporter.
 15008 | D:14     | Noticed a boulder beetle
 15029 | D:14     | Killed a boulder beetle
 15030 | D:14     | Reached skill level 5 in Evocations
 15078 | D:14     | Found a shadowy altar of Dithmenos.
 15166 | D:14     | Found Sabadof's Distillery.
 15189 | D:14     | Found an opulent altar of Gozag.
 15375 | D:14     | Noticed a vault guard
 15383 | D:14     | Killed a vault guard
 15516 | D:14     | Reached skill level 10 in Stealth
 15777 | D:14     | Found a gate to the Vaults.
 16098 | D:14     | Reached skill level 1 in Transmutations
 16098 | D:14     | Reached skill level 1 in Earth Magic
 16191 | D:13     | Learned a level 3 spell: Vampiric Draining
 16271 | D:14     | Reached skill level 1 in Necromancy
 16274 | D:14     | Gained mutation: You have a pair of small horns on your
                  | head. [demonic ancestry]
 16274 | D:14     | Reached XP level 13. HP: 87/100 MP: 12/19
 16645 | D:15     | Entered Level 15 of the Dungeon
 16760 | D:15     | Reached skill level 5 in Spellcasting
 17279 | D:15     | Reached skill level 1 in Unarmed Combat
 17503 | D:15     | Found a staircase to the Depths.
 17513 | D:15     | Reached skill level 10 in Fighting
 17513 | D:15     | Reached skill level 5 in Necromancy
 17849 | Lair:1   | Entered Level 1 of the Lair of Beasts
 17963 | D:12     | Reached skill level 1 in Shields
 17987 | D:12     | Bought Kikubaaqudgha's Incunabulum of Unholy Magic for 476
                  | gold pieces
 18686 | Lair:1   | Gained mutation: You have a pair of horns on your head.
                  | [demonic ancestry]
 18686 | Lair:1   | Reached XP level 14. HP: 110/110 MP: 22/22
 18746 | Lair:1   | Learned a level 2 spell: Sublimation of Blood
 18753 | Lair:1   | Learned a level 6 spell: Death Channel
 19626 | Lair:2   | Reached skill level 5 in Unarmed Combat
 20322 | Lair:3   | Found a hole to the Spider Nest.
 21614 | Lair:2   | Reached skill level 11 in Stealth
 21645 | Lair:2   | Reached ***** piety under Dithmenos
 21830 | Lair:3   | Found a runed translucent gate.
 21845 | Lair:3   | Found a runed translucent gate.
 21846 | Lair:3   | Found a runed translucent gate.
 21951 | Lair:3   | Found a staircase to the Shoals.
 22411 | Lair:3   | Noticed Archem's ghost (journeyman OgTm)
 23516 | D:11     | Killed badtown22's ghost
 24040 | Lair:4   | Found an ornate altar of the Wu Jian Council.
 24080 | Lair:4   | Found a hide-covered altar of Uskayaw.
 24307 | Lair:4   | Reached skill level 10 in Necromancy
 24690 | Orc:1    | Entered Level 1 of the Orcish Mines
 25458 | Orc:2    | Entered Level 2 of the Orcish Mines
 25807 | Orc:2    | Found Kevusofo's General Store.
 25809 | Orc:2    | Found Xeots's Specific Store.
 25846 | Orc:2    | Noticed an orc warlord
 26206 | Orc:2    | Reached ****** piety under Dithmenos
 26305 | Orc:2    | Killed an orc warlord
 26416 | Orc:2    | Bought a scroll of identify for 36 gold pieces
 26416 | Orc:2    | Bought a scroll of summoning for 171 gold pieces
 26418 | Orc:2    | Found a staircase to the Elven Halls.
 27231 | Orc:2    | Reached XP level 15. HP: 115/115 MP: 18/24
 27231 | Orc:2    | Found Utuff's Armour Shop.
 27231 | Orc:2    | Found Eczoek's Assorted Antiques.
 27236 | Orc:2    | Found Fezicry's Magic Scroll Shoppe.
 27236 | Orc:2    | Found Efyhul's Assorted Antiques.
 27249 | Orc:2    | Bought a scroll of fear for 59 gold pieces
 27459 | Shoals:1 | Entered Level 1 of the Shoals
 27459 | Shoals:1 | Noticed a kraken
 27467 | Shoals:1 | HP: 5/115 [kraken (12)]
 27467 | Shoals:1 | Mangled by a tentacle

Illustrated notes

Levels and vault maps discovered:
D:1:      mrwooster_arrival_statue_2, layout_basic
D:2:      layout_loops_corners, serial_aquarium, aquarium_bridge_square
          [aquarium_subvault_window, aquarium_subvault_balcony,
          aquarium_subvault_bridge, aquarium_subvault_balcony],
          aquarium_window_corridor_3, aquarium_window_fake, aquarium_window_1,
          aquarium_view_2a, aquarium_view_2b, aquarium_balcony_double_1,
          aquarium_pool_split, uniq_natasha
D:3:      layout_rooms, kennysheep_generic_room_7
D:4:      layout_rooms, serial_shops, nicolae_shop_statue_plus,
          minmay_misc_feat_ornament, minivault_1, minmay_misc_feat_x,
          hangedman_decor_riveting, uniq_robin
D:5:      layout_loops_ring, temple_statues
D:6:      layout_basic, uniq_eustachio
D:7:      layout_basic
D:8:      layout_basic
D:9:      layout_basic, erik_lair_island, enter_bailey_3,
          minmay_misc_feat_encased, minmay_misc_feat_hallway
D:10:     minmay_skewed_foursquare, layout_rooms,
          nicolae_qazlal_general_emergency, david_orc_5
D:11:     layout_basic, serial_shops, nicolae_diamond_shop,
          gammafunk_ghost_grave
D:12:     layout_irregular_city, st_stairs_4, guppyfry_shop_blood, uniq_erolcha,
          uniq_urug
D:13:     gammafunk_wand_slinger, layout_basic, serial_bayou_ford_a,
          nicolae_kikubaaqudgha_miasma_corner
D:14:     layout_basic, david_vaults_4, serial_shops,
          nicolae_shop_hallway_stairs, grunt_gozag_breadcrumbs,
          grunt_dithmenos_smoke_and_mirrors
D:15:     grunt_enter_depths_magical_seal, layout_cave_pods,
          hangedman_abyss_or_decor_passed
Temple:   nicolae_temple_the_god_donut
Lair:1:   layout_loops_ring, beast_lair_carwin_9, lemuel_fruit_tree
Lair:2:   beast_lair_carwin_large_1, layout_regular_city
Lair:3:   nzn_winding_woodlands_medium [nzn_winding_woodlands_5x5_perimeter,
          nzn_winding_woodlands_5x15_parted, nzn_winding_woodlands_5x5_cross,
          nzn_winding_woodlands_5x5_open_star,
          nzn_winding_woodlands_center_diamonds,
          nzn_winding_woodlands_5x5_closed_star,
          nzn_winding_woodlands_5x5_default,
          nzn_winding_woodlands_5x15_lazy_stream,
          nzn_winding_woodlands_hourglass], layout_regular_city,
          elwin_shoals_entry_stream, nicolae_spider_entry_tight_spaces,
          gammafunk_ghost_necromancy
Lair:4:   layout_cave_shapes, minivault_26, nzn_masters_of_martial_movement
Shoals:1: layout_shoals, ebering_ghost_inner_flame,
          nicolae_shoals_cliffside_cave, uniq_mlioglotl
Orc:1:    layout_caves
Orc:2:    grunt_orc_tribal_feast, layout_diamond_mine, nicolae_specific_store,
          mines2_lemuel

Skill      XL: |  1  2  3  4  5  6  7  8  9 10 11 12 13 14 |
---------------+-------------------------------------------+-----
Fire Magic     | 3 4 |  4.0
Slings         | 1 |  1.4
Conjurations   | 2 3 |  3.2
Spellcasting   | 3 4 5 6 |  6.4
Stealth        | 4 5 7 8 10 11 | 11.9
Short Blades   | 2 3 6 10 | 10.0
Fighting       | 1 4 6 8 10 | 10.0
Dodging        | 2 4 6 7 |  7.0
Armour         | 1 4 5 |  5.6
Invocations    | 2 6 7 |  7.1
Evocations     | 2 6 7 |  7.3
Transmutations | 1 |  1.3
Earth Magic    | 1 |  1.3
Necromancy     | 1 6 10 | 10.8
Unarmed Combat | 4 5 |  5.0
Shields        | 3 |  3.2

Action                   |  1- 3 |  4- 6 |  7- 9 | 10-12 | 13-15 || total
-------------------------+-------+-------+-------+-------+-------++-------
Melee: Unarmed           |     8 |       |       |       |       ||     8
       Tailslap          |     1 |     2 |    15 |    33 |    51 ||   102
       Short sword       |       |    15 |       |       |       ||    15
       Touch             |       |     2 |    27 |    42 |    55 ||   126
       Dagger            |       |    12 |   112 |   285 |   411 ||   820
       Punch             |       |     1 |       |     5 |    13 ||    19
       Headbutt          |       |       |       |       |    70 ||    70
 Fire: Hunting sling     |    13 |    23 |       |       |       ||    36
Throw: Dart              |       |       |       |    18 |     8 ||    26
 Cast: Foxfire           |    30 |   107 |    81 |   180 |   202 ||   600
       Scorch            |       |     3 |    22 |    93 |   197 ||   315
       Vampiric Draining |       |       |       |       |     6 ||     6
       Passwall          |       |       |       |       |     7 ||     7
Invok: Shadow Step       |       |       |       |     1 |     4 ||     5
Evoke: Wand              |       |       |       |     2 |       ||     2
  Use: Scroll            |       |       |     3 |     9 |    14 ||    26
 Stab: Paralysed         |       |     4 |     3 |    57 |    91 ||   155
       Sleeping          |       |     1 |     8 |    14 |    53 ||    76
       Distracted        |       |       |       |     2 |     4 ||     6
Armor: Robe              |     5 |     4 |       |       |       ||     9
       Leather armour    |       |     1 |    26 |    51 |       ||    78
       Troll leather arm |       |       |       |    30 |    94 ||   124
Dodge: Dodged            |    10 |    18 |    43 |   129 |   227 ||   427

Table legend: (Time is in decaauts)
 A = Elapsed time spent in this place.
 B = Non-inter-level travel time spent in this place.
 C = Inter-level travel time spent in this place.
 D = Time resting spent in this place.
 E = Time spent auto-exploring this place.
 F = Levels seen in this place.
 G = Mean time per level.
                   A        B        C        D        E       F      G
               +--------+--------+--------+--------+--------+-----+--------+
         Total |  27188 |  24801 |   2387 |   4904 |  10288 |  23 | 1182.1 |
       Dungeon |  19228 |  17312 |   1916 |   3371 |   7239 |  15 | 1281.9 |
        Temple |     81 |     69 |     12 |      0 |      0 |   1 |   81.0 |
          Lair |   5289 |   4886 |    403 |    870 |   2165 |   4 | 1322.2 |
        Shoals |      5 |      5 |      0 |      0 |      0 |   1 |    5.0 |
  Orcish Mines |   2583 |   2528 |     55 |    663 |    884 |   2 | 1291.5 |
               +--------+--------+--------+--------+--------+-----+--------+

Top non-repeatable levels by time:
  Lair:3: 2413 daAuts
     D:2: 1854 daAuts
    D:11: 1846 daAuts
    D:10: 1705 daAuts
     D:5: 1523 daAuts
   Orc:2: 1520 daAuts
     D:9: 1489 daAuts
    D:12: 1381 daAuts
    D:13: 1350 daAuts
    D:14: 1324 daAuts
     D:8: 1128 daAuts
  Lair:1: 1125 daAuts
  Lair:2: 1091 daAuts
    D:15: 1083 daAuts
   Orc:1: 1062 daAuts
